 Dungeon Crawl Stone Soup version 0.32-a0-473-gd044c6f0f0 (webtiles) character file.

Game seed: 2799153971529782942

39463 octoduck the Lord of Darkness (level 13, -9/105 (108) HPs)
             Began as a Demonspawn Necromancer on Feb 25, 2024.
             Was the Champion of Kikubaaqudgha.
             Killed from afar by an orc sorcerer (42 damage)
             ... with a bolt of fire
             ... on level 2 of the Orcish Mines on Feb 26, 2024.
             The game lasted 01:21:09 (22226 turns).

octoduck the Lord of Darkness (DsNe)               Turns: 22226, Time: 01:21:10

HP:   -9/105 (108)  AC: 10    Str: 14    XL:     13   Next: 69%
MP:   4/35          EV: 16    Int: 24    God:    Kikubaaqudgha [******]
Gold: 1041          SH:  0    Dex: 15    Spells: 2/31 levels left

rFire   . . .        C - +5 dagger (drain)
rCold   + . .        (no shield)
rNeg    . . .        d - +2 robe {rC+}
rPois   .            (helmet restricted)
rElec   .            x - +0 cloak
rCorr   .            s - +1 pair of gloves
SInv    +            G - +0 pair of boots
Will    .....        U - amulet "Panwieh" {Faith Str+4 SInv}
Stlth   ++           t - ring of magical power
HPRegen 0.37/turn    a - +6 ring of intelligence
MPRegen 0.24/turn

%: faith
@: unable to call your familiar, lightly drained
A: antennae 2, rugged brown scales 2, foul stench 2, demonic magic 1
a: Renounce Religion, Unearth Wretches, Torment, Brand Weapon With Pain, Receive
Forbidden Knowledge


You were on level 2 of the Orcish Mines.
You worshipped Kikubaaqudgha.
Kikubaaqudgha was exalted by your worship.
You visited 4 branches of the dungeon, and saw 17 of its levels.
You also visited: Sewer and Bailey.

You collected 1843 gold pieces.
You spent 802 gold pieces at shops.

Inventory:

Hand Weapons
 C - a +5 dagger of draining (weapon)
Missiles
 e - 37 poisoned darts
 h - 8 curare-tipped darts
 v - 36 javelins
 N - a throwing net
Armour
 d - a +2 robe of cold resistance (worn)
 s - a +1 pair of gloves (worn)
 x - a +0 cloak (worn)
 G - a +0 pair of boots (worn)
 Q - +0 acid dragon scales
 Z - a +3 scale mail of poison resistance
Jewellery
 a - a +6 ring of intelligence (right hand)
 g - a ring of see invisible
 t - a ring of magical power (left hand)
 w - a ring of resist corrosion
 K - a +4 ring of protection
 S - an amulet of the acrobat
 U - the amulet "Panwieh" (around neck) {Faith Str+4 SInv}
   (You bought it in a shop on level 1 of the Orcish Mines)

   [amulet of faith]

   Faith:     It allows you to gain divine favour quickly.
   Str+4:     It affects your strength (+4).
   SInv:      It lets you see invisible.
Wands
 u - a wand of flame (18)
 F - a wand of iceblast (4)
 H - a wand of acid (12)
 J - a wand of paralysis (11)
 Y - a wand of digging (12)
Scrolls
 c - 3 scrolls of summoning
 i - 6 scrolls of fear
 j - 6 scrolls of enchant armour
 m - 2 scrolls of noise
 o - 3 scrolls of poison
 q - 2 scrolls of revelation {unknown}
 r - 4 scrolls of blinking
 y - 5 scrolls of vulnerability {unknown}
 B - 3 scrolls of enchant weapon
 D - 2 scrolls of fog
 M - 4 scrolls of teleportation {unknown}
 O - a scroll of silence {unknown}
 P - 2 scrolls of amnesia {unknown}
 R - a scroll of immolation {unknown}
Potions
 b - 3 potions of magic
 f - 5 potions of curing
 k - a potion of heal wounds
 l - 5 potions of enlightenment
 n - 6 potions of brilliance
 p - a potion of resistance {unknown}
 z - 2 potions of lignification {unknown}
 A - 2 potions of might
 E - 3 potions of haste
 I - 2 potions of cancellation {unknown}
 L - a potion of berserk rage {unknown}
 W - 2 potions of degeneration {unknown}
 X - 2 potions of mutation {unknown}
Miscellaneous
 T - a sack of spiders


   Skills:
 + Level 9.9 Fighting
 + Level 5.7 Short Blades
 + Level 9.3 Dodging
 - Level 1.7 Stealth
 + Level 9.8 Spellcasting
 - Level 7.5 Summonings
 + Level 13.7 Necromancy
 * Level 5.8 Earth Magic


You had 2 spell levels left.
You knew the following spells:

 Your Spells              Type           Power      Damage    Failure   Level
a - Necrotise             Necr           100%       1d9       1%          1
b - Vampiric Draining     Necr           67%        2d10      1%          3
c - Animate Dead          Necr           67%        N/A       1%          4
d - Dispel Undead         Necr           67%        3d23      1%          4
e - Call Canine Familiar  Summ           48%        N/A       1%          3
f - Fugue of the Fallen   Necr           67%        N/A       1%          3
g - Death Channel         Necr           33%        N/A       3%          6
h - Borgnjor's Vile Clut  Necr/Erth      28%        N/A       2%          5

Your spell library contained the following spells:

 Spells                   Type           Power      Damage    Failure   Level
 Kiss of Death            Conj/Necr      100%       2d13      1%          1
 Cigotuvi's Dreadful Rot  Necr/Alch/Air  66%        N/A       1%          2
 Sublimation of Blood     Necr           67%        N/A       1%          2
 Apportation              Tloc           22%        N/A       5%          1
 Slow                     Hex            44%        N/A       5%          1
 Jinxbite                 Hex            22%        N/A       9%          2
 Martyr's Knell           Necr/Summ      58%        N/A       1%          4
 Curse of Agony           Necr           67%        N/A       1%          5
 Confusing Touch          Hex            11%        N/A       16%         3
 Dazzling Flash           Conj/Hex       22%        N/A       16%         3
 Sigil of Binding         Hex            11%        N/A       16%         3
 Volatile Blastmotes      Fire/Tloc      22%        2d11      16%         3
 Dimensional Bullseye     Hex/Tloc       5%         N/A       47%         4
 Alistair's Intoxication  Alch           7%         N/A       83%         5
 Iskenderun's Battlesphe  Conj           11%        2d7       83%         5
 Bombard                  Conj/Erth      12%        9d3       94%         6
 Starburst                Conj/Fire      5%         6d4       100%        6
 Spellforged Servitor     Conj/Summ      15%        N/A       100%        7
 Maxwell's Capacitive Co  Air            5%         ∞         100%        8


Dungeon Overview and Level Annotations

Branches:
Dungeon (10/15)            Temple (1/1) D:6            Lair (4/5) D:8
  Swamp (0/4) Lair:3        Snake (0/4) Lair:2          Orc (2/2) D:10
    Elf (0/3) Orc:2         Sewer (visited)          Bailey (visited)
  Slime: Lair:4-5

Altars:
Ashenzari
Cheibriados
Dithmenos
Fedhas
Gozag
Hepliaklqana
Kikubaaqudgha
Makhleb
Nemelex Xobeh
Okawaru
Qazlal
Ru
Sif Muna
Trog
Uskayaw
Vehumet
Wu Jian
Xom
Yredelemnul
Beogh

Shops:
D:3 *   Orc:1 ([=

Annotations:
D:5 3 runed translucent doors, PriceMaster's ghost, novice SpEE


Innate Abilities, Weirdness & Mutations

You have a pair of antennae on your head.
You are mostly covered in rugged brown scales. (AC +2, +5% HP)
You sometimes emit foul miasma when damaged in melee.
Spells you cast may paralyse adjacent enemies.


Message History

Your inugami easily resists.
Your spectral ogre completely misses the orc sorcerer.
Your spectral orc wizard hits the orc wizard but does no damage.
Your inugami barely misses the orc sorcerer.
The orc sorcerer hits your inugami but does no damage.
Your unholy channel expires.
Your spectral ogre mage fades into mist!
Your spectral ogre fades into mist!
Your spectral orc sorcerer fades into mist!
Your spectral orc wizard fades into mist! x2
Your spectral ogre fades into mist!
Your orc wizard skeleton barely misses the orc sorcerer.
The orc wizard hits your inugami with a +0 dagger.
Your inugami barely misses the orc sorcerer.
The orc sorcerer hits your orc wizard skeleton with a +0 dagger.
Your orc zombie hits the orc sorcerer but does no damage.
The orc wizard hits your inugami but does no damage.
Your inugami hits the orc wizard.
Your orc wizard skeleton hits the orc sorcerer but does no damage.
The orc sorcerer hits your inugami with a +0 dagger.
Your inugami dies!
Your inugami disappears in a puff of smoke!
Casting: Call Canine Familiar (safe; 1% risk of failure)
Confirm with . or Enter, or press ? or * to list all spells.
You don't have enough magic to cast this spell.
Unknown command.
The orc wizard hits your orc wizard skeleton with a +0 dagger.
The orc sorcerer casts a spell at you.
Your orc wizard skeleton barely resists.
Your orc wizard skeleton hits the orc sorcerer but does no damage.
Your orc zombie hits the orc sorcerer but does no damage.
The orc wizard hits your orc wizard skeleton with a +0 dagger.
Your orc wizard skeleton is destroyed!
The orc sorcerer points at you and mumbles some strange words.
The bolt of fire hits your two-headed ogre zombie!!
Your two-headed ogre zombie is destroyed!
The bolt of fire hits your orc warrior zombie!
The bolt of fire hits you!!!
You die...
Kikubaaqudgha rasps: You have failed me!
Welcome... death!

.##.............≈§§#{
##.Z)...........≈≈##{
###Z.)).).......≈≈#
##Z#.)).).......≈§## §≈
.ZZZ))))........≈§§# .§§
..ZZ.).)##..##.≈##§### ..§§
...Z))..##..##.§##≈≈≈####...§
#..)))..÷......§§§≈≈§≈≈≈..§§≈
...))..........§@§).ZZ...§.§§
...).............))Z))o..ß..§
#..................)ZZo.....≈
##..............§≈≈≈≈≈≈≈....≈
#......##..##.≈##≈≈≈####...≈
#......##..##.≈##≈### ..≈
##.............≈≈≈# ≈
##............≈≈##
###......>...≈§#


You could see an orc sorcerer (ally target), an orc wizard (invisible), 2
friendly orc zombies, a friendly orc warrior zombie, a friendly orc wizard
zombie and a friendly orc knight zombie.

Vanquished Creatures
  Josephine (Orc:1)
  A hydra (Lair:4)
  A catoblepas (Lair:4)
  A boulder beetle (Lair:2)
  Urug (D:10)
  Pikel (D:8)
  An orc sorcerer (Orc:2)
  A black mamba (Lair:3)
  5 cane toads
  A kobold demonologist (D:9)
  8 komodo dragons
  A tyrant leech (Lair:3)
  A polar bear (Lair:1)
  4 trolls
  2 blink frogs
  A dream sheep (Lair:4)
  2 wyverns (Lair:3)
  A shadow (D:9)
  3 wraiths (Orc:1)
  A vampire (D:10)
  26 yaks
  3 basilisks
  4 vampire mosquitoes (Lair:2)
  A warg (Orc:1)
  3 steam dragons
  Edmund (D:5)
  4 nagas (Lair:2)
  3 acid dragons
  12 water moccasins
  20 orc warriors
  Duvessa (D:4)
  A black bear (D:7)
  2 ogres (Orc:2)
  7 wolves (Lair:1)
  12 centaurs
  A phantom (D:6)
  A lemure (D:8)
  Blork the orc (D:6)
  4 kobold brigands
  6 bullfrogs
  2 gnoll sergeants
  A wyvern zombie (D:5)
  3 scorpions
  8 wights
  Dowan (D:4)
  2 killer bees (D:9)
  4 howler monkeys
  2 bombardier beetles
  9 orc priests
  A gnoll bouda (D:9)
  An iguana (D:5)
  A jelly (D:8)
  Terence (D:3)
  2 sleepcaps (D:6)
  Ijyb (D:5)
  13 orc wizards
  A killer bee zombie (D:5)
  11 gnolls
  5 adders
  A shadow imp (D:4)
  9 dart slugs
  4 ribbon worms
  60 orcs
  7 bats
  5 endoplasms
  11 giant cockroaches
  11 goblins
  5 hobgoblins
  17 kobolds
  5 quokkas
  12 ball pythons
  10 frilled lizards
  4 rats
381 creatures vanquished.

Vanquished Creatures (collateral kills)
  A two-headed ogre (Orc:2)
  An ogre mage (Orc:2)
  A death yak (Lair:4)
  A swamp dragon (Lair:2)
  An orc knight (Orc:2)
  2 oklob plants
  A black mamba (Lair:1)
  A kobold blastminer (Orc:1)
  3 cane toads
  4 komodo dragons
  A hornet (D:9)
  A tyrant leech (Lair:3)
  A polar bear (Lair:1)
  5 blink frogs
  4 dream sheep (Lair:4)
  Sigmund (D:3)
  21 yaks
  A warg (Orc:2)
  A swamp worm (Lair:3)
  2 water moccasins
  A swamp drake (Lair:2)
  6 orc warriors
  A black bear (D:8)
  9 ogres
  3 centaurs
  4 wolves (Lair:1)
  A lemure (D:8)
  A kobold brigand (D:9)
  5 bullfrogs
  A killer bee (D:9)
  2 howler monkeys
  4 orc priests
  13 orc wizards
  5 gnolls
  2 adders (Sewer)
  A dart slug (Sewer)
  23 orcs
  A goblin (D:1)
  A hobgoblin (D:3)
  9 kobolds
  A rat (D:3)
148 creatures vanquished.

Vanquished Creatures (others)
  A two-headed ogre zombie (Orc:2)
  A komodo dragon zombie (Lair:1)
  A warg zombie (Orc:1)
  A wyvern zombie (Lair:3)
  A troll zombie (Orc:2)
  A yak zombie (Lair:1)
  2 centaur zombies (Bailey)
  A bullfrog zombie (Lair:1)
  A killer bee zombie (D:9)
  4 ogre zombies (Orc:2)
  A bat zombie (D:3)
  4 gnoll zombies
  2 goblin zombies
  6 kobold zombies
  37 orc zombies
64 creatures vanquished.

Grand Total: 593 creatures vanquished

Notes
Turn   | Place    | Note
-------+----------+-------------------------------------------
     0 | D:1      | octoduck the Demonspawn Necromancer began the quest for the
                  | Orb.
     0 | D:1      | Reached XP level 1. HP: 13/13 MP: 3/3
   529 | D:1      | Gained mutation: You are partially covered in rugged brown
                  | scales. (AC +1, +3% HP) [demonic ancestry]
   529 | D:1      | Reached XP level 2. HP: 13/19 MP: 3/5
   543 | D:1      | Reached skill level 5 in Necromancy
  1442 | D:2      | Reached XP level 3. HP: 24/24 MP: 3/6
  1622 | D:2      | Learned a level 3 spell: Vampiric Draining
  1987 | D:2      | Reached skill level 6 in Necromancy
  2290 | D:2      | Found a faded altar of an unknown god.
  2486 | D:3      | Noticed Sigmund
  2571 | D:3      | Noticed Terence
  2577 | D:3      | Killed Terence
  2578 | D:3      | Reached XP level 4. HP: 27/30 MP: 5/7
  2605 | D:3      | Found Hycumuw's General Store.
  2611 | D:3      | Bought a scroll of identify for 28 gold pieces
  2761 | D:3      | Found a glowing drain.
  2772 | Sewer    | Entered a sewer
  2891 | Sewer    | Gained mutation: Spells you cast may paralyse adjacent
                  | enemies. [demonic ancestry]
  2891 | Sewer    | Reached XP level 5. HP: 23/36 MP: 5/8
  2990 | Sewer    | Learned a level 4 spell: Animate Dead
  3018 | Sewer    | Reached skill level 7 in Necromancy
  3574 | D:3      | Found an ornate altar of the Wu Jian Council.
  3604 | D:3      | Gained mutation: You are mostly covered in rugged brown
                  | scales. (AC +2, +5% HP) [demonic ancestry]
  3604 | D:3      | Reached XP level 6. HP: 35/43 MP: 7/10
  3805 | D:3      | Found a radiant altar of Vehumet.
  3846 | D:3      | Killed Sigmund
  3847 | D:3      | Reached skill level 8 in Necromancy
  4293 | D:4      | Gained mutation: You have a pair of small antennae on your
                  | head. [demonic ancestry]
  4293 | D:4      | Reached XP level 7. HP: 49/49 MP: 12/12
  4771 | D:4      | Noticed Duvessa
  4771 | D:4      | Noticed Dowan
  4813 | D:4      | Killed Duvessa
  4814 | D:4      | Reached skill level 1 in Fighting
  5290 | D:4      | Killed Dowan
  5315 | D:5      | Entered Level 5 of the Dungeon
  5368 | D:5      | Found a runed translucent gate.
  5368 | D:5      | Found a runed translucent gate.
  5368 | D:5      | Found a runed translucent gate.
  5368 | D:5      | Noticed PriceMaster's ghost (novice SpEE)
  5370 | D:5      | Found a basalt altar of Yredelemnul.
  5405 | D:5      | Reached skill level 9 in Necromancy
  5527 | D:5      | Learned a level 4 spell: Dispel Undead
  5687 | D:5      | Noticed Ijyb
  5852 | D:5      | Found a hazy altar of Hepliaklqana.
  5862 | D:5      | Killed Ijyb
  5976 | D:5      | Noticed Edmund
  5984 | D:5      | Killed Edmund
  6111 | D:5      | Found a bloodstained altar of Trog.
  6151 | D:5      | Gained mutation: You may rarely emit foul miasma when
                  | damaged in melee. [demonic ancestry]
  6151 | D:5      | Reached XP level 8. HP: 49/58 MP: 14/14
  6379 | D:5      | Learned a level 3 spell: Call Canine Familiar
  6412 | D:6      | Noticed Blork the orc
  6419 | D:6      | Killed Blork the orc
  6420 | D:6      | Reached skill level 1 in Summonings
  6519 | D:6      | Found a staircase to the Ecumenical Temple.
  6625 | Temple   | Entered the Ecumenical Temple
  6635 | Temple   | Became a worshipper of Kikubaaqudgha
  7072 | D:6      | Reached skill level 5 in Spellcasting
  7472 | D:7      | Reached skill level 10 in Necromancy
  7472 | D:7      | Reached XP level 9. HP: 68/68 MP: 15/16
  7508 | D:7      | Reached * piety under Kikubaaqudgha
  7508 | D:7      | Received a gift from Kikubaaqudgha
  7636 | D:7      | Learned a level 3 spell: Fugue of the Fallen
  7832 | D:7      | You fall into a shaft and drop 1 floor!
  8028 | D:8      | Noticed Pikel
  8040 | D:8      | Killed Pikel
  8041 | D:8      | Reached skill level 5 in Fighting
  8041 | D:8      | Reached skill level 5 in Dodging
  8417 | D:8      | Noticed a komodo dragon
  8427 | D:8      | Killed a komodo dragon
  8465 | D:8      | Noticed a komodo dragon
  8646 | D:8      | Your ally Pikel died
  8696 | D:8      | Gained mutation: You sometimes emit foul miasma when
                  | damaged in melee. [demonic ancestry]
  8696 | D:8      | Reached XP level 10. HP: 46/77 MP: 18/19
  8973 | D:8      | Reached skill level 5 in Summonings
  9021 | D:8      | Found a staircase to the Lair.
  9033 | D:8      | Reached skill level 11 in Necromancy
  9729 | D:9      | Found a flagged portal.
  9772 | Bailey   | Entered a bailey
  9795 | Bailey   | Reached ** piety under Kikubaaqudgha
 11470 | D:9      | Reached *** piety under Kikubaaqudgha
 11470 | D:9      | Received a gift from Kikubaaqudgha
 11571 | D:9      | Reached XP level 11. HP: 77/87 MP: 21/21
 11573 | D:9      | Found a blossoming altar of Fedhas.
 12057 | D:9      | Learned a level 6 spell: Death Channel
 12782 | D:10     | Entered Level 10 of the Dungeon
 12794 | D:10     | Found a staircase to the Orcish Mines.
 12803 | D:10     | Reached **** piety under Kikubaaqudgha
 12918 | D:10     | Noticed Urug
 12936 | D:10     | Killed Urug
 12937 | D:10     | Reached skill level 12 in Necromancy
 13741 | D:10     | Found a roughly hewn altar of Beogh.
 14266 | Lair:1   | Entered Level 1 of the Lair of Beasts
 14424 | Lair:1   | Reached skill level 1 in Short Blades
 14729 | Lair:1   | Reached ***** piety under Kikubaaqudgha
 14919 | Lair:1   | Reached XP level 12. HP: 70/96 MP: 18/24
 15815 | Lair:2   | Noticed a boulder beetle
 15905 | Lair:2   | Killed a boulder beetle
 16324 | Lair:2   | Reached skill level 1 in Earth Magic
 16328 | Lair:2   | Found a staircase to the Snake Pit.
 16794 | Lair:2   | Reached skill level 13 in Necromancy
 16940 | Lair:2   | Learned a level 5 spell: Borgnjor's Vile Clutch
 17584 | Lair:3   | Found a staircase to the Swamp.
 18040 | Lair:3   | Gained mutation: You have a pair of antennae on your head.
                  | [demonic ancestry]
 18040 | Lair:3   | Reached XP level 13. HP: 88/106 MP: 12/26
 19021 | Lair:4   | Reached skill level 5 in Short Blades
 20382 | Orc:1    | Entered Level 1 of the Orcish Mines
 20392 | Orc:1    | Found Topipi's Antique Armour Shoppe.
 20700 | Orc:1    | Found Jaash's Antique Weapon Emporium.
 20783 | Orc:1    | Reached skill level 5 in Earth Magic
 20783 | Orc:1    | Reached ****** piety under Kikubaaqudgha
 20853 | Orc:1    | Found a transporter.
 20853 | Orc:1    | Found Puicru's Jewellery Boutique.
 20892 | Orc:1    | Found a transporter.
 20899 | Orc:1    | Bought the amulet "Panwieh" {Faith Str+4 SInv} for 774 gold
                  | pieces
 21122 | Orc:1    | Noticed Josephine
 21141 | Orc:1    | Killed Josephine
 21508 | Orc:2    | Entered Level 2 of the Orcish Mines
 21705 | Orc:2    | Found a staircase to the Elven Halls.
 22226 | Orc:2    | Killed from afar by an orc sorcerer

Illustrated notes

Levels and vault maps discovered:
D:1:      nagdon_arrival_double_spiral, layout_loops_ring, serial_rivers,
          chequers_serial_rivers_large_b, chequers_serial_rivers_micro_d,
          chequers_serial_rivers_marsh, chequers_serial_rivers_room_b,
          chequers_serial_rivers_micro_e
D:2:      minmay_door_path, layout_loops_cross,
          shapermc_ecumenical_altar_flowoftime
D:3:      layout_loops_cross, general_overflow_altar,
          mainiacjoe_overflow_surrounded_room, serial_shops,
          nicolae_shop_rolling_square, portal_sewer_entry_f,
          minmay_quadrilaterals, uniq_sigmund, uniq_terence
D:4:      layout_cave_pods, hex_medium, uniq_duvessa
D:5:      layout_gridville, mainiacjoe_overflow_24_doors,
          nicolae_yredelemnul_ghost_church, trog_book,
          serial_library_hellmonk_h_bend, chequers_serial_rivers_micro_a,
          uniq_edmund, uniq_ijyb
D:6:      layout_basic, minmay_temple_entry_slanted, uniq_blork_the_orc
D:7:      cheibrodos_steamvent, layout_rooms
D:8:      layout_rooms, erik_lair_dragon, uniq_pikel
D:9:      minmay_ornate_pinched, layout_cave_pods,
          fedhas_bush_and_centaur_altar, enter_bailey_3, hex_large
D:10:     layout_loops_cross, minmay_orc_entry_temple_small, serial_glass,
          glass_columns_b, glass_columns_a, nicolae_the_louvre, uniq_urug
Temple:   nicolae_temple_elliptical
Lair:1:   layout_cave_pods, grunt_forest_large_clearings, grunt_megastairs_1
Lair:2:   layout_regular_city, minmay_snake_entry_guardpost_small,
          nicolae_lair_lil_pond, pond
Lair:3:   layout_cave_pods, minmay_swamp_entry_worms
Lair:4:   layout_cave_pods, nicolae_lair_yak_garden, grunt_megastairs_4
Orc:1:    layout_diamond_mine, serial_shops, nicolae_shop_dealshenge,
          nicolae_shop_drivethru, shop, uniq_josephine
Orc:2:    kennysheep_orc_mage_school, layout_caves

Skill      XL: |  1  2  3  4  5  6  7  8  9 10 11 12 13 |
---------------+----------------------------------------+-----
Necromancy     | 5 6 7 8 9 10 11 12 13 | 13.7
Spellcasting   | 3 4 5 6 7 8 9 |  9.8
Dodging        | 2 4 5 6 7 8 9 |  9.3
Fighting       | 2 3 5 6 8 9 |  9.9
Summonings     | 2 4 6 7 |  7.5
Short Blades   | 2 4 5 |  5.7
Earth Magic    | 3 5 |  5.8
Stealth        | |  1.7

Action                     |  1- 3 |  4- 6 |  7- 9 | 10-12 | 13-15 || total
---------------------------+-------+-------+-------+-------+-------++-------
  Melee: Unarmed           |     1 |       |       |       |       ||     1
         Punch             |     1 |       |       |       |       ||     1
         Dagger            |    28 |    10 |   149 |   323 |   114 ||   624
  Throw: Dart              |     2 |       |       |       |       ||     2
   Cast: Necrotise         |    60 |   102 |    97 |    99 |    13 ||   371
         Vampiric Draining |       |     5 |    31 |   107 |    18 ||   161
         Animate Dead      |       |     2 |     7 |    21 |     5 ||    35
         Dispel Undead     |       |       |     3 |    12 |     5 ||    20
         Call Canine Famil |       |       |     4 |    28 |     9 ||    41
         Fugue of the Fall |       |       |     4 |    22 |     5 ||    31
         Death Channel     |       |       |       |    21 |    11 ||    32
         Borgnjor's Vile C |       |       |       |     3 |    25 ||    28
  Evoke: Wand              |       |       |       |     3 |       ||     3
    Use: Scroll            |     3 |     2 |     3 |     4 |     1 ||    13
         Potion            |       |       |       |     3 |     2 ||     5
   Stab: Paralysed         |       |     3 |    56 |   108 |    17 ||   184
         Distracted        |       |       |     3 |     2 |     1 ||     6
         Petrified         |       |       |       |       |     2 ||     2
         Sleeping          |       |       |       |       |     2 ||     2
 Armour: Robe              |    12 |    44 |   123 |   306 |   105 ||   590
  Dodge: Dodged            |    20 |    45 |   101 |   475 |   107 ||   748

Table legend: (Time is in decaauts)
 A = Elapsed time spent in this place.
 B = Non-inter-level travel time spent in this place.
 C = Inter-level travel time spent in this place.
 D = Time resting spent in this place.
 E = Time spent auto-exploring this place.
 F = Levels seen in this place.
 G = Mean time per level.
                   A        B        C        D        E       F      G
               +--------+--------+--------+--------+--------+-----+--------+
         Total |  22355 |  21180 |   1175 |   4137 |  11846 |  19 | 1176.6 |
       Dungeon |  12242 |  11416 |    826 |   2220 |   6367 |  10 | 1224.2 |
        Temple |     19 |     11 |      8 |      0 |      0 |   1 |   19.0 |
          Lair |   5984 |   5679 |    305 |    859 |   3753 |   4 | 1496.0 |
  Orcish Mines |   1831 |   1795 |     36 |    326 |   1010 |   2 |  915.5 |
         Sewer |    831 |    831 |      0 |    249 |    300 |   1 |  831.0 |
        Bailey |   1445 |   1445 |      0 |    483 |    416 |   1 | 1445.0 |
               +--------+--------+--------+--------+--------+-----+--------+

Top non-repeatable levels by time:
     D:8: 1822 daAuts
     D:9: 1688 daAuts
  Lair:1: 1605 daAuts
  Lair:3: 1590 daAuts
  Lair:4: 1487 daAuts
  Bailey: 1445 daAuts
     D:1: 1405 daAuts
    D:10: 1383 daAuts
  Lair:2: 1301 daAuts
     D:2: 1209 daAuts
     D:4: 1124 daAuts
   Orc:1: 1122 daAuts
     D:5: 1008 daAuts
     D:6: 997 daAuts
     D:3: 971 daAuts
